 Dungeon Crawl Stone Soup version 0.30-a0-135-g630cfc4551 (webtiles) character file.

Game seed: 3903868746361807423

7460 NinjaNoafa the Destroyer (level 11, -6/54 (63) HPs)
             Began as a Tengu Conjurer on Sept 20, 2022.
             Was the Champion of Ru.
             Mangled by a troll (9 damage)
             ... on level 11 of the Dungeon.
             The game lasted 00:39:41 (13242 turns).

NinjaNoafa the Destroyer (Tengu Conjurer)          Turns: 13242, Time: 00:39:41

HP:   -6/54 (63)    AC: 11    Str:  9    XL:     11   Next: 15%
MP:   22/22         EV: 11    Int: 20    God:    Ru [******]
Gold: 368           SH: 12    Dex: 14    Spells: 15/21 levels left

rFire   . . .      SeeInvis .    p - +6 dagger (venom)
rCold   . . .      Faith    .    l - +2 kite shield {rPois}
rNeg    + . .      Spirit   .    k - +1 leather armour {rN+}
rPois   +          Reflect  .    (helmet restricted)
rElec   .          Harm     .    a - +1 cloak
rCorr   +          Rampage  .    A - +0 pair of gloves
Will    .....      Clarity  +    (boots unavailable)
Stlth   +++.......               o - amulet of magic regeneration
HPRegen 0.18/turn                y - +4 ring of protection
MPRegen 0.58/turn                w - ring of resist corrosion

@: flying quickly and evasively, heavily drained, unable to read, quick
A: beak, talons 3, inability to read after injury 2, inability to use devices,
inability to train dodging, inability to train armour, nimble flight, clarity,
high MP 1, wild magic 1
a: Renounce Religion, Draw Out Power, Power Leap, Apocalypse


You were on level 11 of the Dungeon.
You worshipped Ru.
Ru was exalted by your worship.
You visited 2 branches of the dungeon, and saw 13 of its levels.

You collected 581 gold pieces.
You spent 213 gold pieces at shops.

Inventory:

Hand Weapons
 p - a +6 dagger of venom (weapon)
Missiles
 b - a silver boomerang
 c - 64 stones
 i - 2 curare-tipped darts
 j - 2 throwing nets
 q - 52 poisoned darts
 t - 5 javelins
 z - 3 boomerangs
Armour
 a - a +1 cloak (worn)
 k - a +1 leather armour of positive energy (worn)
 l - a +2 kite shield of poison resistance (worn)
 A - a +0 pair of gloves (worn)
Jewellery
 h - a ring of willpower
 o - an amulet of magic regeneration (around neck)
 u - a ring of see invisible
 w - a ring of resist corrosion (right hand)
 y - a +4 ring of protection (left hand)
Scrolls
 d - 2 scrolls of silence
 e - a scroll of poison
 m - a scroll of blinking
 x - 4 scrolls of teleportation
 B - a scroll of immolation
 C - a scroll of torment
 D - 3 scrolls of magic mapping
 H - a scroll of identify
Potions
 f - a potion of curing
 g - a potion of cancellation
 n - 2 potions of ambrosia
 r - 3 potions of attraction {unknown}
 s - 2 potions of haste
 v - a potion of brilliance {unknown}
 E - a potion of invisibility
 F - a potion of lignification {unknown}
 G - a potion of might {unknown}


   Skills:
 - Level 5.0 Fighting
 - Level 5.0 Short Blades
 - Level 7.0 Stealth
 - Level 7.0 Shields
 + Level 5.5 Spellcasting
 - Level 9.0 Conjurations
 + Level 5.3 Hexes
 + Level 6.0 Air Magic


You had 15 spell levels left.
You knew the following spells:

 Your Spells              Type           Power      Damage    Failure   Level
a - Magic Dart            Conj           100%       1d8       2%          1
b - Searing Ray           Conj           100%       2d8       3%          2
c - Dazzling Flash        Conj/Hex       88%        N/A       10%         3

Your spell library contained the following spells:

 Spells                   Type           Power      Damage    Failure   Level
 Mephitic Cloud           Conj/Pois/Air  33%        N/A       22%         3
 Fulminant Prism          Conj/Hex       22%        3d13      30%         4
 Cigotuvi's Dreadful Rot  Necr/Pois/Air  34%        N/A       34%         2
 Necrotise                Necr           28%        1d5       47%         1
 Inner Flame              Hex/Fire       21%        N/A       47%         3
 Cause Fear               Hex            17%        N/A       50%         4
 Iskenderun's Mystic Bla  Conj/Tloc      30%        2d8       63%         4
 Silence                  Hex/Air        18%        N/A       80%         5
 Ignite Poison            Fire/Tmut/Pois 7%         N/A       83%         3
 Freezing Cloud           Conj/Ice/Air   16%        6-21      87%         5
 Summon Ice Beast         Ice/Summ       7%         N/A       99%         4
 Agony                    Necr           7%         N/A       100%        5
 Malign Gateway           Summ/Tloc      3%         N/A       100%        7
 Ozocubu's Refrigeration  Ice            3%         4d8       100%        7
 Discord                  Hex            17%        N/A       100%        8
 Summon Horrible Things   Summ           3%         N/A       100%        8


Dungeon Overview and Level Annotations

Branches:
Dungeon (12/15)            Temple (1/1) D:6            Lair (0/5) D:11
    Orc: D:9-12

Altars:
Ashenzari
Cheibriados
Dithmenos
Elyvilon
Fedhas
Gozag
Hepliaklqana
Kikubaaqudgha
Makhleb
Nemelex Xobeh
Okawaru
Qazlal
Ru
Sif Muna
Trog
Uskayaw
Vehumet
Wu Jian
Xom
Yredelemnul
Zin
The Shining One

Shops:
D:3 [(*

Annotations:
D:10 4 transporters
D:11 exclusion: orange crystal statue


Innate Abilities, Weirdness & Mutations

You have a beak for a mouth.
You have claws for feet.
You sometimes lose the ability to read scrolls when taking damage.
You cannot study or use magical devices.
You cannot train Dodging skill.
You cannot train Armour skill.
Your magical nature lets you fly swiftly and evasively.
You possess an exceptional clarity of mind.
You have an increased reservoir of magic. (+10% MP)
Your spells are a little harder to cast, but a little more powerful.


Message History

The searing ray hits the wolf!
You kill the wolf! (Press . to maintain the ray.)
Your Air Magic skill increases to level 6!
You can read scrolls again.
A troll is nearby!
Casting: Searing Ray (safe; 3% risk of failure)
Confirm with . or Enter, or press ? or * to list all spells.
Aiming: Searing Ray (safe; 3% risk of failure)
Press: ? - help, Shift-Dir - straight line, f - troll
Aim: a troll (wandering, hasn't noticed you, 83% to hit)
The searing ray misses the troll. (Press . to maintain the ray.) Unknown command.
The searing ray hits the troll!
The troll is moderately wounded.
The troll is stunned by your conviction and fails to attack.
The searing ray hits the troll.
The troll is moderately wounded.
The troll bites you! The troll claws you. The troll barely misses you.
You hit the troll.
The troll is poisoned.
You claw the troll, but do no damage.
The troll is moderately wounded.
The troll bites you but does no damage. You block the troll's attack.
The troll misses you.
You barely miss the troll. You peck the troll, but do no damage.
The troll is moderately wounded.
The troll bites you but does no damage. You block the troll's attack. x2
You puncture the troll!
The troll looks as sick as possible!
The troll is heavily wounded.
You block the troll's attack. The troll claws you!
You feel threatened and lose the ability to read scrolls!
* * * LOW HITPOINT WARNING * * *
You focus your inner power and slow the troll in retribution!
You block the troll's attack.
You hit the troll. You claw the troll. You peck the troll.
The troll is severely wounded.
The troll bites you!
* * * LOW HITPOINT WARNING * * *
The troll claws you!
You die...

#####+#### ..~≈≈~. .≈≈~.
#........# .~≈≈~~..~.≈~~
#........# ~≈~≈≈~..~.~≈~
#........# ≈~≈≈~~....~≈≈
+........###≈≈≈≈~..>.~.≈~
#........'.#≈≈≈≈~~T...h≈≈
#......>T#.#~≈≈≈≈.~.~.≈≈≈
#.......@#..~S≈≈≈≈~≈~~≈~.
#######'###.~.~≈≈≈≈~~~≈≈.
####.# ##...~≈≈≈≈h~~h~
##....# #..~~~~~≈~....
#..#### #...~....~.~..
###.###### #.~....~.~....
#........# #.....$...$...
# #........#
#####..#######
....#####........# #..##
##


You could see a troll (extremely poisoned, slow).

Vanquished Creatures
  2 two-headed ogres (D:8)
  A cyclops (D:9)
  The ghost of zazu2006 the Sneak, a novice NaHW of Vehumet (D:6)
  Maggie (D:9)
  2 trolls (D:10)
  A hornet (D:9)
  A wyvern (D:8)
  2 yaks (D:10)
  A steam dragon (D:8)
  Menkaure (D:7)
  An acid dragon (D:11)
  2 water moccasins
  A black bear (D:6)
  An ice beast (D:7)
  An orc warrior (D:10)
  A sky beast (D:6)
  A wolf (D:11)
  5 centaurs
  An ogre (D:4)
  A phantom (D:7)
  3 kobold brigands (D:8)
  7 bullfrogs
  A necrophage (D:5)
  2 gnoll sergeants (D:8)
  3 scorpions
  9 wights
  7 killer bees
  5 howler monkeys
  6 orc priests
  A gnoll bouda (D:5)
  A hound (D:5)
  6 jellies
  6 iguanas
  8 orc wizards
  7 adders
  15 gnolls
  3 shadow imps
  2 white imps
  An ufetubus (D:6)
  A worm (D:2)
  4 dart slugs
  36 orcs
  4 ball pythons
  2 bats
  4 endoplasms
  2 giant cockroaches
  12 hobgoblins
  3 jackals (D:5)
  16 kobolds
  3 quokkas
  5 frilled lizards
  4 goblins
  7 rats
  A spectral goblin (D:1)
  A bush (D:4)
226 creatures vanquished.

Vanquished Creatures (others)
  A yak (D:10)
  An orc warrior (D:10)
  An adder (D:6)
3 creatures vanquished.

Grand Total: 229 creatures vanquished

Notes
Turn   | Place    | Note
-------+----------+-------------------------------------------
     0 | D:1      | NinjaNoafa the Tengu Conjurer began the quest for the Orb.
     0 | D:1      | Reached XP level 1. HP: 10/10 MP: 4/4
   244 | D:1      | Reached XP level 2. HP: 15/15 MP: 3/6
   772 | D:1      | Reached XP level 3. HP: 19/19 MP: 5/7
   822 | D:1      | Found a faded altar of an unknown god.
   833 | D:1      | Learned a level 2 spell: Searing Ray
   838 | D:1      | Prayed at the altar of an unknown god.
   838 | D:1      | Became a worshipper of Ru the Awakened
   851 | D:1      | Gained mutation: You cannot train Armour skill. [Ru
                  | sacrifice]
   851 | D:1      | Reached * piety under Ru
  1007 | D:2      | Reached skill level 1 in Hexes
  1586 | D:3      | Found Saun's Armour Emporium.
  1594 | D:3      | Bought a +0 cloak for 54 gold pieces
  1704 | D:3      | Reached skill level 6 in Conjurations
  1704 | D:3      | Reached XP level 4. HP: 24/24 MP: 5/9
  1831 | D:3      | Found Fuekeasawk's Assorted Antiques.
  1993 | D:3      | Found a white marble altar of Elyvilon.
  1993 | D:3      | Found an ancient bone altar of Kikubaaqudgha.
  2209 | D:3      | Found Gupsehyi's Antique Weapon Shop.
  2222 | D:3      | Found a bloodstained altar of Trog.
  2506 | D:4      | Noticed an ogre
  2512 | D:4      | Killed an ogre
  2513 | D:4      | Gained mutation: Your magical nature lets you fly swiftly
                  | and evasively. [Tengu growth]
  2513 | D:4      | Reached XP level 5. HP: 28/28 MP: 3/10
  2742 | D:4      | Reached skill level 7 in Conjurations
  2801 | D:4      | Reached XP level 6. HP: 27/32 MP: 5/11
  2924 | D:4      | Learned a level 3 spell: Dazzling Flash
  3047 | D:3      | Bought a runed long sword for 117 gold pieces
  3144 | D:4      | Gained mutation: You cannot train Dodging skill. [Ru
                  | sacrifice]
  3144 | D:4      | Reached ** piety under Ru
  3144 | D:4      | Reached *** piety under Ru
  3508 | D:5      | Entered Level 5 of the Dungeon
  3516 | D:5      | Reached skill level 1 in Fighting
  3516 | D:5      | Reached skill level 1 in Short Blades
  3519 | D:5      | Reached skill level 1 in Evocations
  3519 | D:5      | Reached XP level 7. HP: 22/38 MP: 3/12
  4317 | D:5      | Found an iron altar of Okawaru.
  4419 | D:5      | Reached XP level 8. HP: 46/46 MP: 3/13
  4633 | D:5      | Gained mutation: Your muscles are strong. (Str +4, Int/Dex
                  | -1) [potion of mutation]
  4633 | D:5      | Gained mutation: You are dopey. (Int -2) [potion of
                  | mutation]
  4633 | D:5      | Gained mutation: You are agile. (Dex +4, Str/Int -1)
                  | [potion of mutation]
  4633 | D:5      | Lost mutation: You are dopey. (Int -2) [potion of mutation]
  4634 | D:5      | Lost mutation: Your muscles are strong. (Str +4, Int/Dex
                  | -1) [potion of mutation]
  4634 | D:5      | Lost mutation: You are agile. (Dex +4, Str/Int -1) [potion
                  | of mutation]
  4634 | D:5      | Gained mutation: Your spells are a little harder to cast,
                  | but a little more powerful. [potion of mutation]
  4634 | D:5      | Gained mutation: You have hidden genetic potential. [potion
                  | of mutation]
  5208 | D:6      | Found a runed translucent door.
  5210 | D:6      | Noticed zazu2006's ghost (novice NaHW)
  5245 | D:6      | Killed zazu2006's ghost
  5357 | D:6      | Reached skill level 8 in Conjurations
  5580 | D:6      | Gained mutation: You cannot study or use magical devices.
                  | [Ru sacrifice]
  5580 | D:6      | Reached **** piety under Ru
  5580 | D:6      | Reached ***** piety under Ru
  5636 | D:6      | Found a blossoming altar of Fedhas.
  5838 | D:6      | Reached XP level 9. HP: 40/50 MP: 16/16
  5839 | D:6      | Gained mutation: You have an increased reservoir of magic.
                  | (+10% MP) [hidden potential]
  5964 | D:6      | Found a hide-covered altar of Uskayaw.
  6070 | D:6      | Reached skill level 5 in Stealth
  6235 | D:6      | Found a staircase to the Ecumenical Temple.
  6244 | Temple   | Entered the Ecumenical Temple
  6510 | D:7      | Identified the +4 chain mail of the Tired Hosts {rF- Str+4
                  | SInv}
  6530 | D:7      | Reached skill level 9 in Conjurations
  6544 | D:7      | Reached skill level 5 in Spellcasting
  6566 | D:7      | Reached skill level 5 in Hexes
  7048 | D:7      | Reached skill level 5 in Air Magic
  7377 | D:3      | Bought a scroll of identify for 42 gold pieces
  7612 | D:7      | Gained mutation: You occasionally lose the ability to read
                  | scrolls when taking damage. [Ru sacrifice]
  7612 | D:7      | Gained mutation: You sometimes lose the ability to read
                  | scrolls when taking damage. [Ru sacrifice]
  7612 | D:7      | Reached ****** piety under Ru
  7924 | D:7      | Got the Almanac of Lethal Congelation
  8107 | D:7      | Found a glowing silver altar of Zin.
  8196 | D:8      | Noticed a two-headed ogre
  8218 | D:8      | Killed a two-headed ogre
  8219 | D:8      | Reached skill level 5 in Short Blades
  8219 | D:8      | Reached XP level 10. HP: 44/58 MP: 14/20
  8243 | D:8      | Gained mutation: You possess an exceptional clarity of
                  | mind. [hidden potential]
  8243 | D:8      | Lost mutation: You have hidden genetic potential. [hidden
                  | potential expressed]
  8636 | D:7      | Noticed Menkaure
  8643 | D:7      | Killed Menkaure
  8774 | D:8      | Identified a scroll of acquirement
  8785 | D:8      | Acquired a +2 kite shield of poison resistance
  8804 | D:8      | Reached skill level 5 in Fighting
  8965 | D:8      | Reached skill level 1 in Shields
  8975 | D:8      | Noticed a two-headed ogre
  9322 | D:8      | Killed a two-headed ogre
  9525 | D:8      | Paralysed by a wight for 3 turns
 10095 | D:9      | Found a broken altar of Ashenzari.
 10308 | D:9      | You are sucked into a shaft and drop 3 floors!
 10348 | D:11     | Noticed an orange crystal statue
 10353 | D:11     | Noticed a gargoyle
 10353 | D:11     | Noticed a manticore
 10415 | D:11     | Noticed a manticore
 10418 | D:11     | Found a staircase to the Lair.
 10437 | D:10     | Entered Level 10 of the Dungeon
 10680 | D:10     | Reached skill level 5 in Shields
 10860 | D:10     | Found a transporter.
 10901 | D:10     | Found a transporter.
 10924 | D:10     | Found a transporter.
 11589 | D:10     | Identified the +9 war axe "Kal Foc" {vorpal, Str+4 Stlth+}
 11777 | D:9      | Found an opulent altar of Gozag.
 11861 | D:9      | Noticed a cyclops
 11874 | D:9      | Killed a cyclops
 11875 | D:9      | Reached XP level 11. HP: 8/63 MP: 15/21
 12088 | D:9      | Noticed Maggie
 12096 | D:9      | Killed Maggie
 12785 | D:10     | Found a burning altar of Makhleb.
 12786 | D:10     | Found a hazy altar of Hepliaklqana.
 12841 | D:10     | Found a transporter.
 13039 | D:11     | Noticed a cyclops
 13242 | D:11     | Mangled by a troll

Illustrated notes

Levels and vault maps discovered:
D:1:      erik_arrival_blinker_ship, layout_loops_cross,
          dreamdust_ecumenical_altar_drowned_temple
D:2:      layout_rooms, kennysheep_generic_room_5
D:3:      layout_loops_ring, mainiacjoe_overflow_brackets,
          gammafunk_temple_overflow_wave, serial_shops, nicolae_square_shop,
          nicolae_shop_window_shopping, shop
D:4:      layout_cave_pools, serial_park, serial_park_square2,
          serial_park_square3 [serial_park_minivault_5x5_1], serial_park_tiny_2,
          serial_park_tiny_2, serial_park_tiny_1
D:5:      layout_basic, mainiacjoe_overflow_boulevard,
          dreamdust_princess_corridor
D:6:      layout_loops_corners, mainiacjoe_overflow_catwalk,
          nicolae_uskayaw_dance_hall, temple_green, ebering_ghost_sewer_d
D:7:      nicolae_cairo_tiling_very_big, layout_basic, zin_scriptorium,
          uniq_menkaure
D:8:      layout_basic, kennysheep_kite_vault
D:9:      layout_basic, cheibrodos_ashenzari_chains,
          mainiacjoe_overflow_surrounded_room, uniq_maggie
D:10:     layout_basic, nicolae_overflow_two_pavilions,
          nicolae_diode_intersection
D:11:     layout_roguey, erik_lair_island, minivault_16
D:12:     layout_loops_corners, orc_0_dummy, nicolae_trove_entry_crystal,
          uniq_frances, uniq_erolcha
Temple:   hellmonk_temple_of_storms

Skill      XL: |  1  2  3  4  5  6  7  8  9 10 11 |
---------------+----------------------------------+-----
Hexes          | 1 2 3 4 5 |  5.3
Conjurations   | 6 7 8 9 |  9.0
Spellcasting   | 3 4 5 |  5.5
Dodging        | 0 |  0.0
Fighting       | 1 3 4 5 |  5.0
Short Blades   | 1 3 5 |  5.0
Evocations     | 1 3 0 |  0.0
Stealth        | 3 4 6 7 |  7.0
Air Magic      | 5 6 |  6.0
Shields        | 7 |  7.0

Action                   |  1- 3 |  4- 6 |  7- 9 | 10-12 || total
-------------------------+-------+-------+-------+-------++-------
Melee: Unarmed           |     6 |       |       |       ||     6
       Peck              |     2 |    31 |    25 |    23 ||    81
       Kick              |     2 |    52 |    43 |    38 ||   135
       Rapier            |       |    83 |     2 |       ||    85
       Punch             |       |     1 |     2 |       ||     3
       Dagger            |       |       |   133 |   109 ||   242
       War axe           |       |       |       |     7 ||     7
Throw: Javelin           |       |       |     4 |       ||     4
 Cast: Magic Dart        |    64 |    38 |    45 |    51 ||   198
       Searing Ray       |     3 |    10 |    26 |    17 ||    56
       Dazzling Flash    |       |       |     3 |     2 ||     5
Invok: Sacrifice Durabil |     1 |       |       |       ||     1
       Sacrifice Nimblen |       |     1 |       |       ||     1
       Sacrifice Artific |       |       |     1 |       ||     1
       Power Leap        |       |       |     1 |     4 ||     5
       Apocalypse        |       |       |     1 |     1 ||     2
       Sacrifice Words   |       |       |     1 |       ||     1
       Draw Out Power    |       |       |       |     2 ||     2
  Use: Potion            |       |     2 |     7 |     3 ||    12
       Scroll            |       |       |    14 |     7 ||    21
 Stab: Sleeping          |       |     1 |     1 |     3 ||     5
       Held in net/web   |       |       |     1 |       ||     1
       Paralysed         |       |       |     1 |     2 ||     3
       Invisible         |       |       |       |     2 ||     2
Armor: Robe              |     2 |     4 |    15 |       ||    21
       Leather armour    |       |       |    56 |    44 ||   100
Dodge: Dodged            |     7 |    32 |   110 |    57 ||   206
Block: Kite shield       |       |       |       |    93 ||    93

Table legend: (Time is in decaauts)
 A = Elapsed time spent in this place.
 B = Non-inter-level travel time spent in this place.
 C = Inter-level travel time spent in this place.
 D = Time resting spent in this place.
 E = Time spent auto-exploring this place.
 F = Levels seen in this place.
 G = Mean time per level.
                   A        B        C        D        E       F      G
               +--------+--------+--------+--------+--------+-----+--------+
         Total |  12579 |  11668 |    911 |    138 |   9535 |  13 |  967.6 |
       Dungeon |  12538 |  11627 |    911 |    138 |   9519 |  12 | 1044.8 |
        Temple |     40 |     40 |      0 |      0 |     16 |   1 |   40.0 |
               +--------+--------+--------+--------+--------+-----+--------+

Top non-repeatable levels by time:
     D:5: 1632 daAuts
     D:8: 1587 daAuts
     D:7: 1536 daAuts
    D:10: 1448 daAuts
     D:9: 1225 daAuts
     D:6: 1204 daAuts
     D:3: 1154 daAuts
     D:1: 947 daAuts
     D:4: 918 daAuts
     D:2: 584 daAuts
    D:11: 262 daAuts
  Temple: 40 daAuts
    D:12: 36 daAuts
